 Dungeon Crawl Stone Soup version 0.29.1-2-gbd0b4ee654 (webtiles) character file.

Game seed: 1930652633582788575

1245 Earthwalker the Trooper (level 8, 0/71 HPs)
             Began as a Minotaur Fighter on Oct 23, 2022.
             Slain by a gnoll
             ... wielding a +0 halberd
             ... led by a gnoll sergeant
              (2 damage)
             ... on level 6 of the Dungeon.
             The game lasted 00:10:07 (4760 turns).

Earthwalker the Trooper (Minotaur Fighter)          Turns: 4760, Time: 00:10:08

Health: 0/71       AC: 12    Str: 22    XL:     8   Next: 25%
Magic:  7/7        EV:  7    Int:  5    God:
Gold:   188        SH:  6    Dex: 17    Spells: 7/7 levels left

rFire   + . .      SeeInvis .   a - +0 war axe
rCold   . . .      Faith    .   c - +0 buckler
rNeg    . . .      Spirit   .   G - +0 plate armour
rPois   .          Reflect  .   (helmet restricted)
rElec   .          Harm     .   (no cloak)
rCorr   .          Rampage  .   (no gloves)
Will    .....                   (no boots)
Stlth   ..........              s - amulet of regeneration
HPRegen 1.01/turn               v - ring of protection from fire
MPRegen 0.10/turn               y - +6 ring of dexterity

@: no status effects
A: horns 2, retaliatory headbutt
a: no special abilities


You were on level 6 of the Dungeon.
You visited 2 branches of the dungeon, and saw 7 of its levels.

You collected 188 gold pieces.

Inventory:

Hand Weapons
 a - a +0 war axe (weapon)
Missiles
 i - 11 boomerangs (quivered)
 l - 6 atropa-tipped darts
 t - 9 poisoned darts
 B - 3 javelins
Armour
 b - a +0 scale mail
 c - a +0 buckler (worn)
 G - a +0 plate armour (worn)
Jewellery
 s - an amulet of regeneration (around neck)
 v - a ring of protection from fire (left hand)
 y - a +6 ring of dexterity (right hand)
Wands
 u - a wand of acid (7)
Scrolls
 e - 3 scrolls of identify {unknown}
 f - 2 scrolls of butterflies {unknown}
 h - 3 scrolls of enchant armour {unknown}
 j - 2 scrolls of amnesia {unknown}
 n - 2 scrolls of vulnerability {unknown}
 q - a scroll of blinking {unknown}
 C - 3 scrolls of teleportation {unknown}
 D - a scroll of noise {unknown}
 F - a scroll of silence {unknown}
Potions
 d - a potion of might
 g - a potion of haste {unknown}
 k - 2 potions of magic {unknown}
 m - a potion of cancellation {unknown}
 o - a potion of brilliance {unknown}
 p - a potion of flight {unknown}
 r - 2 potions of curing {unknown}
 w - 2 potions of attraction {unknown}
 x - a potion of invisibility {unknown}
 z - 2 potions of mutation {unknown}
 A - 2 potions of lignification {unknown}
 E - a potion of resistance {unknown}


   Skills:
 * Level 6.5 Fighting
 * Level 5.8 Axes
 + Level 2.8 Throwing
 * Level 6.3 Armour
 + Level 3.1 Dodging
 * Level 6.3 Shields


You had 7 spell levels left.
You didn't know any spells.
Your spell library contained the following spells:

 Spells                   Type           Power      Damage    Failure   Level
 Ozocubu's Armour         Ice            0%         N/A       100%        3
 Metabolic Englaciation   Hex/Ice        0%         N/A       100%        5
 Simulacrum               Ice/Necr       0%         N/A       100%        6


Dungeon Overview and Level Annotations

Branches:
Dungeon (6/15)             Temple (1/1) D:4

Altars:
Ashenzari
Cheibriados
Dithmenos
Elyvilon
Fedhas
Gozag
Hepliaklqana
Kikubaaqudgha
Makhleb
Nemelex Xobeh
Ru
Trog
Uskayaw
Vehumet
Wu Jian
Xom
Yredelemnul
Zin
The Shining One

Shops:
D:5 =

Annotations:
D:3 2 runed translucent doors, Crazy Yiuf; caveywoolpert's ghost, novice MiFi


Innate Abilities, Weirdness & Mutations

You have a pair of horns on your head.
You reflexively headbutt those who attack you in melee.


Message History

You block the gnoll's attack.
The gnoll sergeant hits you from afar with a +0 spear.
The gnoll hits you but does no damage. The gnoll sergeant barely misses you.
You slash the gnoll!
You kill the gnoll!
The gnoll sergeant hits you from afar with a +0 spear.
The gnoll barely misses you. x2
The gnoll sergeant hits you with a +0 spear!
Things that are here:
a +0 club; a gnoll corpse You slash the gnoll sergeant!
The gnoll sergeant is heavily wounded.
The gnoll barely misses you. The gnoll hits you but does no damage.
The gnoll sergeant hits you with a +0 spear.
You barely miss the gnoll sergeant. You headbutt the gnoll sergeant!
The gnoll sergeant is severely wounded.
The gnoll hits you from afar with a +0 halberd.
You block the gnoll sergeant's attack. The gnoll barely misses you.
You slash the gnoll sergeant!
You kill the gnoll sergeant!
You block the gnoll's attack.
The gnoll hits you from afar with a +2 vorpal halberd!
You are too injured to fight recklessly!
The gnoll hits you with a +0 halberd!
* * * LOW HITPOINT WARNING * * *
The gnoll hits you with a +2 vorpal halberd.
* * * LOW HITPOINT WARNING * * *
x2
There is an open door, spattered with blood here.
Things that are here:
a +0 spear; a +0 scale mail; a +0 buckler You are too injured to fight recklessly!
You slash the gnoll!
The gnoll is severely wounded.
You slash the gnoll! The gnoll hits you but does no damage.
The gnoll hits you with a +2 vorpal halberd!
* * * LOW HITPOINT WARNING * * *
x2 The gnoll hits you with a +2 vorpal halberd!
* * * LOW HITPOINT WARNING * * *
x2 The gnoll hits you with a +0 halberd.
You die...

##..#.......)....
...)#.#.##..#####
......#.....#
.#.######...# ...#
#...### ######8
.########.....# ......#
.......##..##.# ..(....
..##.#.....##)###......#
..##....##.##..)@g.....#
+###....+..######g.....#
.......#### ......8
...#.#.## ##.#'##
>..+.#.# .# .. .. ###.#
# . . #.#


You could see 2 gnolls.

Vanquished Creatures
  Sigmund (D:3)
  A water moccasin (D:5)
  An ice beast (D:6)
  A gnoll sergeant (D:6)
  2 scorpions
  A necrophage (D:4)
  A howler monkey (D:5)
  5 hounds
  A gnoll bouda (D:6)
  Jessica (D:3)
  3 iguanas
  Natasha (twice) (D:4)
  An orc wizard (D:6)
  Robin (D:2)
  5 gnolls
  6 adders
  An ufetubus (D:5)
  2 worms
  5 dart slugs
  7 orcs
  11 ball pythons
  8 endoplasms
  A giant cockroach (D:4)
  17 goblins
  11 hobgoblins
  7 jackals
  7 kobolds
  2 quokkas
  5 bats
  A frilled lizard (D:1)
  6 rats
124 creatures vanquished.

Vanquished Creatures (others)
  3 plants (D:2)
3 creatures vanquished.

Grand Total: 127 creatures vanquished

Notes
Turn   | Place    | Note
-------+----------+-------------------------------------------
     0 | D:1      | Earthwalker the Minotaur Fighter began the quest for the
                  | Orb.
     0 | D:1      | Reached XP level 1. HP: 19/19 MP: 0/0
    19 | D:1      | Noticed a floating eye
    22 | D:1      | Found a faded altar of an unknown god.
    28 | D:1      | Noticed a golden eye
    31 | D:1      | Noticed a shining eye
    31 | D:1      | Noticed a great orb of eyes
    91 | D:1      | Reached XP level 2. HP: 14/27 MP: 1/1
   460 | D:1      | Reached XP level 3. HP: 33/33 MP: 2/2
  1030 | D:2      | Identified the +3 dagger "Zacamo" {vamp, rC+ Dex+7}
  1105 | D:2      | Noticed Robin
  1267 | D:1      | Reached XP level 4. HP: 26/40 MP: 3/3
  1406 | D:2      | Killed Robin
  1407 | D:2      | Reached skill level 1 in Throwing
  1407 | D:2      | Reached skill level 1 in Dodging
  2340 | D:3      | Found a basalt altar of Yredelemnul.
  2468 | D:3      | Noticed Jessica
  2470 | D:3      | Killed Jessica
  2474 | D:3      | Found a runed translucent door.
  2475 | D:3      | Noticed caveywoolpert's ghost (novice MiFi)
  2618 | D:3      | Reached XP level 5. HP: 47/47 MP: 4/4
  2636 | D:3      | Found a runed translucent door.
  2637 | D:3      | Noticed Crazy Yiuf
  2772 | D:3      | Found a shimmering altar of Xom.
  2789 | D:3      | Noticed Sigmund
  2841 | D:3      | Killed Sigmund
  2842 | D:3      | Reached skill level 5 in Fighting
  2842 | D:3      | Reached XP level 6. HP: 32/56 MP: 5/5
  3093 | D:4      | Found a staircase to the Ecumenical Temple.
  3102 | Temple   | Entered the Ecumenical Temple
  3246 | D:4      | Reached skill level 5 in Armour
  3249 | D:4      | Reached skill level 5 in Shields
  3343 | D:4      | Found a burning altar of Makhleb.
  3479 | D:4      | Reached XP level 7. HP: 60/61 MP: 6/6
  3671 | D:4      | Noticed Natasha
  3677 | D:4      | Killed Natasha
  3845 | D:4      | Noticed Natasha
  3852 | D:4      | Killed Natasha
  4006 | D:5      | Entered Level 5 of the Dungeon
  4130 | D:5      | Found Fatruk's Jewellery Emporium.
  4199 | D:5      | Reached skill level 5 in Axes
  4230 | D:5      | Identified the +9 sling "Bygyecrau" {vorpal, Dex+5}
  4635 | D:6      | Reached XP level 8. HP: 70/70 MP: 7/7
  4674 | D:6      | Found a hazy altar of Hepliaklqana.
  4674 | D:6      | Found a radiant altar of Vehumet.
  4760 | D:6      | HP: 2/71 [gnoll/+2 vorpal halberd[a gnoll sergeant] (2)]
  4760 | D:6      | Slain by a gnoll

Illustrated notes

Levels and vault maps discovered:
D:1:      ncdulo_halloftheorcs, layout_loops_ring,
          hellmonk_ecumenical_altar_watching_god, st_stairs_2, minmay_3d_cube
D:2:      layout_basic, st_stairs_4, serial_bayou_pond_c, uniq_robin
D:3:      layout_loops_cross, general_overflow_altar,
          mainiacjoe_overflow_catwalk, gammafunk_ghost_grave, serial_rivers,
          chequers_serial_rivers_room_a, chequers_serial_rivers_micro_d,
          chequers_serial_rivers_room_a, chequers_serial_rivers_marsh,
          chequers_serial_rivers_micro_e, uniq_jessica, uniq_crazy_yiuf_cottage,
          uniq_sigmund
D:4:      layout_loops_ring, makhleb_heckhound_becter,
          minmay_temple_entry_ruins, uniq_natasha
D:5:      minmay_evil_eye, layout_loops_cross, serial_shops,
          nicolae_shop_crystal
D:6:      layout_basic, gammafunk_temple_overflow_elements,
          mainiacjoe_overflow_concentric_impassable,
          lightli_ossuary_entry_decrepit_ruins
Temple:   nicolae_temple_great_sept

Skill      XL: |  1  2  3  4  5  6  7  8 |
---------------+-------------------------+-----
Armour         | 4 5 6 |  6.3
Axes           | 3 4 5 |  5.8
Fighting       | 4 5 6 |  6.5
Shields        | 4 5 6 |  6.3
Throwing       | 1 2 |  2.8
Dodging        | 1 2 3 |  3.1

Action                   |  1- 3 |  4- 6 |  7- 9 || total
-------------------------+-------+-------+-------++-------
Melee: War axe           |    77 |   113 |    88 ||   278
       Headbutt          |     9 |    20 |    19 ||    48
Throw: Boomerang         |       |       |    25 ||    25
Armor: Scale mail        |    36 |    47 |     7 ||    90
       Plate armour      |       |       |    28 ||    28
Dodge: Dodged            |    35 |    43 |    25 ||   103
Block: Buckler           |    25 |    25 |    14 ||    64
